 Dungeon Crawl Stone Soup version 0.21-a0-584-g185da8e (webtiles) character file.

86 dududu the Charlatan (level 4, -1/37 HPs)
             Began as a Hill Orc Artificer on Dec 21, 2017.
             Slain by a water moccasin skeleton (4 damage)
             ... on level 2 of the Dungeon.
             The game lasted 00:14:01 (2345 turns).

dududu the Charlatan (Hill Orc Artificer)           Turns: 2345, Time: 00:14:03

Health: -1/37      AC:  6    Str: 13 (15) XL:     4   Next: 49%
Magic:  6/6        EV: 11    Int:  9 (11) God:
Gold:   150        SH:  0    Dex:  9 (11) Spells: 3/3 levels left

rFire    . . .     SeeInvis .   a - +0 short sword
rCold    . . .     Gourm    .   (no shield)
rNeg     . . .     Faith    .   i - +0 ring mail
rPois    .         Spirit   .   (no helmet)
rElec    .         Reflect  .   g - +0 cloak
rCorr    .         Harm     .   (no gloves)
MR       .....                  (no boots)
Stlth    +.........             (no amulet)
HPRegen  0.12/turn              (no ring)
MPRegen  0.10/turn              (no ring)

@: no status effects
A: no striking features
a: no special abilities


You were on level 2 of the Dungeon.
You were not hungry.

You visited 1 branch of the dungeon, and saw 2 of its levels.

You collected 150 gold pieces.

Inventory:

Hand Weapons
 a - a +0 short sword (weapon)
 l - a +0 hand axe
Missiles
 j - 14 stones (quivered)
 k - 24 sling bullets
Armour
 g - a +0 cloak (worn)
 i - a +0 ring mail (worn)
Wands
 c - a wand of flame (8)
 d - a wand of enslavement (13)
 e - a wand of random effects (5)
Scrolls
 h - 2 scrolls of identify {unknown}
 m - a scroll of magic mapping {unknown}
 o - a scroll of remove curse {unknown}
Comestibles
 f - 2 rations
 n - 3 chunks of flesh


   Skills:
 + Level 2.8 Fighting
 - Level 1.0 Short Blades
 * Level 2.0 Axes
 + Level 1.2 Armour
 - Level 2.0 Dodging
 - Level 0.7 Stealth
 + Level 3.6 Evocations


You had 3 spell levels left.
You didn't know any spells.

Dungeon Overview and Level Annotations

Branches:
Dungeon (2/15)

Altars:
Ru


Message History

The water moccasin skeleton is severely damaged.
The water moccasin skeleton bites you.
* * * LOW HITPOINT WARNING * * *
The water moccasin skeleton barely misses you.
You barely miss the water moccasin skeleton.
The water moccasin skeleton is severely damaged.
The water moccasin skeleton bites you!
* * * LOW HITPOINT WARNING * * *
It was a potion of degeneration.
There was something very wrong with that liquid.
You feel weakened.
You feel dopey.
You feel clumsy.
The water moccasin skeleton bites you but does no damage.
Okay, then.
Evoke which item? (* to show all) (? for menu, Esc to quit)
Aiming: Enslavement
Press: ? - help, Shift-Dir - straight line, f/p - water moccasin skeleton
Aim: a water moccasin skeleton (severely damaged, chance to defeat MR: 68%)
The water moccasin skeleton struggles to resist.
The water moccasin skeleton bites you.
You die...

#.<.#..................#
##..⌠#.#................#
##...##..................#
###⌠..##.##................
###....##
......>...!.......
##...#⌠## #.....((......
##....### #..((......
#.......# #####..........
#.......####...@Z.(.......
#.......#....#####........
##........#### ####.....
#.......### ##### #.......#
#.......# ##.....## ##...##
#####


You could see a water moccasin skeleton.

Vanquished Creatures
  2 adders (D:2)
  A gnoll (D:1)
  An ooze (D:2)
  2 worms (D:2)
  A dart slug (D:1)
  3 leopard geckos
  2 ball pythons
  3 giant cockroaches (D:1)
  4 goblins
  5 hobgoblins
  4 jackals (D:1)
  5 kobolds
  4 bats
  4 frilled lizards
  5 rats
46 creatures vanquished.

Vanquished Creatures (collateral kills)
  A kobold (D:1)
1 creature vanquished.

Grand Total: 47 creatures vanquished

Notes
Turn   | Place    | Note
-------+----------+-------------------------------------------
     0 | D:1      | dududu the Hill Orc Artificer began the quest for the Orb.
     0 | D:1      | Reached XP level 1. HP: 16/16 MP: 3/3
   265 | D:1      | Reached XP level 2. HP: 24/24 MP: 4/4
   715 | D:1      | Reached XP level 3. HP: 28/29 MP: 5/5
  1279 | D:2      | Reached skill level 1 in Axes
  1422 | D:2      | Found a sacrificial altar of Ru.
  1761 | D:2      | Reached XP level 4. HP: 37/37 MP: 6/6
  1762 | D:2      | Reached skill level 1 in Armour
  2345 | D:2      | Slain by a water moccasin skeleton

Vault maps used:
D:1:      minmay_arrival_loop
D:2:      nicolae_overflow_hidden_temple, old_standard_altar,
          chequers_ecumenical_altar_island, grunt_ministairs_8

Skill      XL: |  1  2  3  4 |
---------------+-------------+-----
Fighting       | 2 |  2.8
Dodging        | 2 |  2.0
Axes           | 1 2 |  2.0
Armour         | 1 |  1.2
Short Blades   | |  1.0
Stealth        | |  0.7
Evocations     | |  3.6

Action                   |  1- 3 |  4- 6 || total
-------------------------+-------+-------++-------
Melee: Short sword       |   141 |    58 ||   199
Throw: Stone             |    22 |    18 ||    40
Evoke: Wand              |    16 |     3 ||    19
  Use: Potion            |       |     1 ||     1
 Stab: Paralysed         |     1 |       ||     1
  Eat: Chunk             |     3 |     2 ||     5
Armor: Ring mail         |    55 |    18 ||    73
Dodge: Dodged            |    68 |    20 ||    88

Table legend:
 A = Spawn XP
 B = Non-spawn XP
 C = Spawn XP percentage of total XP
 D = Spawn monster count
 E = Non-spawn monster count
 F = Spawn count percentage of total count
 G = Total turns spent on level
                    A         B        C        D         E        F      G
               +---------+---------+-------+---------+---------+-------+---------
         Total |       0 |     123 |   0.0 |       0 |      47 |   0.0 |  2345
               +---------+---------+-------+---------+---------+-------+---------
           D:1 |       0 |      63 |   0.0 |       0 |      31 |   0.0 |  1655
           D:2 |       0 |      60 |   0.0 |       0 |      16 |   0.0 |   690
               +---------+---------+-------+---------+---------+-------+---------
